[Event "Titled Tuesday Blitz November 15 Early 2022"]
[White "Kollars, Dmitrij"]
[Black "Gabrielian, Artur"]
[WhiteFideId "12909572"]
[BlackFideId "4131002"]
[WhiteElo "2584"]
[BlackElo "2432"]
[Result "1/2-1/2"]
[Round "03"]
[TimeControl "180+1"]
[Date "2022.11.15"]
[WhiteClock "0:00:07"]
[BlackClock "0:00:13"]

1. c4 Nf6 2. Nc3 d5 3. cxd5 Nxd5 4. e4 Nxc3 5. dxc3 Qxd1+ 6. Kxd1 e5 7. Be3 Nd7 8. Bc4 Bc5 9. Ke2 Bxe3 10. Kxe3 Ke7 11. Nf3 f6 12. a4 a5 13. Nd2 Nb6 14. Bb3 Bd7 15. Rhd1 Rhd8 16. Nc4 Nxc4+ 17. Bxc4 Bc6 18. Bb5 Bxb5 19. axb5 Rxd1 20. Rxd1 b6 21. g3 a4 22. f4 a3 23. bxa3 Rxa3 24. Kd3 Ra2 25. fxe5 fxe5 26. Kc4 Ke6 27. Rd8 Rxh2 28. Re8+ Kd6 29. Rd8+ Ke7 30. Rg8 Kd6 31. Rxg7 Re2 32. Kd3 Rg2 33. Kc4 Re2 34. Rg4 Ke6 35. Rh4 h5 36. Kd3 Rg2 37. Rxh5 Rxg3+ 38. Kc4 Rg6 39. Rh8 Kd6 40. Rd8+ Ke7 41. Rd1 Rd6 42. Rh1 Ke6 43. Rh7 c6 44. Rh6+ Kd7 45. Rh7+ Ke6 46. Rb7 cxb5+ 47. Kxb5 Rd3 48. Rxb6+ Kd7 49. c4 Rd4 50. Rb7+ Ke6 51. c5 Rxe4 52. c6 Re1 53. Rh7 Rb1+ 54. Ka6 Rc1 55. Kb7 e4 56. c7 Ke5 57. Rh6 Kd5 58. Rh5+ Kd4 59. Rh6 Kd5 60. c8=Q Rxc8 61. Kxc8 e3 62. Kd7 Kd4 63. Kd6 e2 64. Re6 Kd3 65. Kd5 Kd2 66. Kd4 e1=Q 67. Rxe1 Kxe1 1/2-1/2


[Site "https://www.chess.com"]

[Event "Titled Tuesday Blitz November 15 Early 2022"]
[White "Kopacz, Grzegorz"]
[Black "Kuznetsova, Olga"]
[WhiteFideId "1109880"]
[BlackFideId "4191323"]
[WhiteElo "2037"]
[BlackElo "2134"]
[Result "1-0"]
[Round "03"]
[TimeControl "180+1"]
[Date "2022.11.16"]
[WhiteClock "0:01:42"]
[BlackClock "0:01:18"]

1. d4 Nf6 2. c4 e6 3. Nf3 d5 4. Bg5 Be7 5. Nbd2 Nbd7 6. e3 Ne4 7. Bxe7 Qxe7 8. cxd5 Nxd2 9. Qxd2 exd5 10. Bd3 O-O 11. O-O c6 12. Rfc1 g6 13. b4 a6 14. a4 Nf6 15. b5 axb5 16. axb5 Bd7 17. bxc6 bxc6 18. Ne5 Rxa1 19. Rxa1 Rc8 20. Rc1 Be8 21. Nf3 Rb8 22. Ne5 c5 23. Rxc5 Ne4 24. Bxe4 dxe4 25. h3 f6 26. Nc6 Rb1+ 27. Rc1 Rxc1+ 28. Qxc1 Qc7 29. d5 Bf7 30. Qc5 Kg7 31. d6 Qd7 32. Nb8 Qb7 33. Qc7 Qb1+ 34. Kh2 1-0


[Site "https://www.chess.com"]

[Event "Titled Tuesday Blitz November 15 Early 2022"]
[White "Kopylov, Alexander A."]
[Black "Martinez Alcantara, Jose Eduardo"]
[WhiteFideId "4164857"]
[BlackFideId "3805662"]
[WhiteElo "2436"]
[BlackElo "2705"]
[Result "0-1"]
[Round "03"]
[TimeControl "180+1"]
[Date "2022.11.15"]
[WhiteClock "0:00:13"]
[BlackClock "0:00:13"]

1. e4 c5 2. Nf3 d6 3. Bb5+ Bd7 4. a4 Nf6 5. Nc3 e6 6. e5 dxe5 7. Nxe5 a6 8. Nxd7 Nbxd7 9. Be2 Ne5 10. f4 Nc6 11. Bf3 Rc8 12. d3 Bd6 13. O-O O-O 14. Be3 Qc7 15. f5 Bxh2+ 16. Kh1 Nd4 17. fxe6 Nxe6 18. Bxb7 Qxb7 19. Kxh2 Qxb2 20. Bd2 Qb8+ 21. Kg1 Qe5 22. Qe2 Qxe2 23. Nxe2 Rfe8 24. Rab1 c4 25. Ng3 cxd3 26. cxd3 Rcd8 27. Bc3 Rxd3 28. Rf3 Rxf3 29. gxf3 Nd5 30. Bd2 h6 31. Rb7 Rc8 32. Ra7 Rc2 33. Nf1 Nd4 34. Kf2 Nb3 35. Ke1 Nd4 36. Rxa6 Nxf3+ 37. Kd1 Ra2 38. Ra8+ Kh7 39. a5 Nd4 40. Ke1 Ra1+ 41. Kf2 Ne6 42. Ra7 Kg6 43. Ra6 Ra2 44. Ke2 Nc7 45. Rc6 Kh7 46. Kd3 Nd5 47. Ra6 Nc5+ 48. Kc4 Nxa6 49. Kxd5 h5 0-1


[Site "https://www.chess.com"]

[Event "Titled Tuesday Blitz November 15 Early 2022"]
[White "Kosakowski, Jakub"]
[Black "Dubov, Daniil"]
[WhiteFideId "1185080"]
[BlackFideId "24126055"]
[WhiteElo "2463"]
[BlackElo "2791"]
[Result "1-0"]
[Round "03"]
[TimeControl "180+1"]
[Date "2022.11.15"]
[WhiteClock "0:00:10"]
[BlackClock "0:00:02"]

1. e4 g6 2. d4 d6 3. Nc3 Bg7 4. Be3 a6 5. f3 b5 6. Qd2 Nd7 7. h4 h5 8. Nh3 Nb6 9. Ng5 b4 10. Nd1 Nf6 11. Nf2 O-O 12. Qxb4 Rb8 13. Qd2 c5 14. Be2 cxd4 15. Bxd4 e5 16. Be3 d5 17. Bc5 Re8 18. O-O Na4 19. Ba3 Bf8 20. Bxf8 Rxf8 21. b3 Nc5 22. exd5 Qxd5 23. Rad1 Qc6 24. Bc4 Ne6 25. Rfe1 Rd8 26. Qe3 Rxd1 27. Rxd1 Qc7 28. Nfe4 Nxe4 29. Qxe4 Nxg5 30. Qxg6+ Kf8 31. Qh6+ Ke8 32. Qxg5 Qc5+ 33. Kh1 Bb7 34. Qxh5 Qc7 35. Qg5 Kf8 36. Qf6 e4 37. Qh6+ Ke8 38. fxe4 Bxe4 39. Re1 Qe5 40. Rxe4 Qxe4 41. Qh8+ Ke7 42. Qxb8 Qxh4+ 43. Kg1 Qd4+ 44. Kf1 Qd1+ 45. Kf2 Qd4+ 46. Ke2 Qe4+ 47. Kd2 Qf4+ 48. Qxf4 1-0


[Site "https://www.chess.com"]

[Event "Titled Tuesday Blitz November 15 Early 2022"]
[White "Kowalczyk, Pawel"]
[Black "Ilkhomi, Jaloliddin"]
[WhiteFideId "1130641"]
[BlackFideId "14700948"]
[WhiteElo "2324"]
[BlackElo "2045"]
[Result "1/2-1/2"]
[Round "03"]
[TimeControl "180+1"]
[Date "2022.11.16"]
[WhiteClock "0:00:13"]
[BlackClock "0:00:09"]

1. e4 e6 2. d4 d5 3. Nd2 Nf6 4. e5 Nfd7 5. f4 c5 6. c3 Nc6 7. Ndf3 Be7 8. g3 f5 9. exf6 Nxf6 10. Bd3 Bd7 11. Ne2 Qb6 12. Be3 O-O-O 13. Qb3 c4 14. Qxb6 axb6 15. Bc2 b5 16. a3 Kc7 17. O-O-O h6 18. Rde1 Bd6 19. h3 Rde8 20. g4 Ref8 21. Ng3 Ne4 22. Nxe4 dxe4 23. Ne5 Bxe5 24. dxe5 Ne7 25. Bc5 Rf7 26. Bxe4 Bc6 27. Rhf1 Bxe4 28. Rxe4 Nd5 29. f5 b6 30. Bd6+ Kc6 31. Kd2 h5 32. Re2 hxg4 33. hxg4 Rh3 34. Ke1 Ne3 35. Rg1 exf5 36. g5 Kd5 37. g6 Rd7 38. Kd2 f4 39. Rf2 Nf5 40. Rxf4 Rd3+ 41. Kc2 Nxd6 42. exd6 Kxd6 43. Rf7 Rxf7 44. gxf7 Rf3 45. Rxg7 Ke7 46. Rg6 Rxf7 47. Rxb6 Rf5 48. Kb1 Kd7 49. a4 bxa4 50. Rb4 Rf4 51. Rxa4 Kc6 52. Ka2 Kb5 53. Rb4+ Kc5 54. Rb8 Rf7 55. Rc8+ Kb5 56. Rb8+ Kc5 57. Ra8 Rg7 58. Ra5+ Kb6 59. Rh5 Ra7+ 60. Kb1 Rg7 61. Rf5 Rg1+ 62. Ka2 Rg7 63. Ka3 Rg2 64. Rf8 Kb5 65. Rb8+ Kc5 66. Rc8+ Kb5 67. Rb8+ Kc5 68. Rh8 Rg5 69. Ka4 Rg2 70. Rb8 Rh2 71. Rb5+ Kc6 72. Ka5 Rh8 73. Kb4 Rh2 74. Rc5+ Kb6 75. Rb5+ Kc6 76. Rc5+ Kb6 77. Rc8 Rxb2+ 78. Kxc4 Rh2 79. Rd8 Kc7 80. Rd5 Kc6 81. Rd4 Rh5 82. Rg4 Rc5+ 83. Kb3 Rb5+ 84. Kc2 Rh5 85. Kd3 Kc5 86. Ra4 Rh3+ 87. Kc2 Rg3 88. Ra5+ Kb6 89. Rf5 Kc6 90. Kb3 Rg4 91. c4 Rh4 92. Kb4 Kc7 93. Kc5 Rh7 94. Kb5 Rg7 95. c5 Rg6 96. Rf7+ Kc8 97. Rh7 Rf6 98. Re7 Rg6 99. Kc4 Rh6 100. Kb5 Rg6 101. Re3 Rh6 102. Rd3 Rg6 103. Rd4 Rh6 104. Rd6 Rxd6 105. cxd6 Kd7 106. Kc5 Kd8 107. Kc6 Kc8 108. d7+ Kd8 109. Kd6 1/2-1/2


[Site "https://www.chess.com"]

[Event "Titled Tuesday Blitz November 15 Early 2022"]
[White "Kozak, Adam"]
[Black "Zhao, Jun"]
[WhiteFideId "753246"]
[BlackFideId "8602522"]
[WhiteElo "2977"]
[BlackElo "2727"]
[Result "0-1"]
[Round "03"]
[TimeControl "180+1"]
[Date "2022.11.16"]
[WhiteClock "0:00:01"]
[BlackClock "0:00:30"]

1. e4 e5 2. a3 Nc6 3. Nc3 Nf6 4. Bc4 Bc5 5. d3 d6 6. h3 Be6 7. Bxe6 fxe6 8. Na4 Bb6 9. Ne2 O-O 10. O-O Nh5 11. Nxb6 axb6 12. g3 Qf6 13. Be3 d5 14. exd5 exd5 15. Nc3 Qf5 16. g4 Qd7 17. gxh5 Qxh3 18. Ne2 Rf3 19. Qe1 Raf8 20. Ng3 Ne7 21. Qe2 Qg4 22. Rae1 Nf5 23. Bf4 Qxf4 24. Qxe5 Qxe5 25. Rxe5 Nxg3 26. Rfe1 Rxf2 0-1


[Site "https://www.chess.com"]

[Event "Titled Tuesday Blitz November 15 Early 2022"]
[White "Kozak, Antoni"]
[Black "Garagulya, Konstantin"]
[WhiteFideId "21832030"]
[BlackFideId "4128931"]
[WhiteElo "2447"]
[BlackElo "2329"]
[Result "1-0"]
[Round "03"]
[TimeControl "180+1"]
[Date "2022.11.16"]
[WhiteClock "0:00:34"]
[BlackClock "0:00:03"]

1. Nf3 Nf6 2. g3 b6 3. Bg2 Bb7 4. O-O c5 5. d3 e6 6. e4 d5 7. e5 Nfd7 8. Re1 g6 9. Bf4 Bg7 10. Nbd2 Nc6 11. h4 h6 12. Nf1 Qc7 13. Qe2 Nd4 14. Nxd4 cxd4 15. Nh2 O-O-O 16. Nf3 Qc5 17. Qd2 a5 18. a3 a4 19. b4 Qc3 20. Qd1 Kb8 21. Bd2 Qb2 22. Qe2 Rc8 23. Reb1 Qxc2 24. Nxd4 Qc7 25. f4 Ba6 26. Rc1 Qd8 27. Nc6+ Rxc6 28. Rxc6 Bb5 29. Rc3 Qe7 30. Rac1 g5 31. Qf2 gxh4 32. gxh4 f6 33. Rc7 fxe5 34. Qxb6+ Nxb6 35. Rxe7 1-0


[Site "https://www.chess.com"]

[Event "Titled Tuesday Blitz November 15 Early 2022"]
[White "Krishnan, Varun"]
[Black "Lopez Del Alamo, Antonio"]
[WhiteFideId "5054508"]
[BlackFideId "2227339"]
[WhiteElo "2568"]
[BlackElo "2175"]
[Result "1-0"]
[Round "03"]
[TimeControl "180+1"]
[Date "2022.11.16"]
[WhiteClock "0:01:08"]
[BlackClock "0:00:25"]

1. e4 c5 2. Nf3 e6 3. d4 cxd4 4. Nxd4 Nf6 5. Nc3 Nc6 6. Ndb5 d6 7. Bf4 e5 8. Bg5 a6 9. Na3 b5 10. Bxf6 gxf6 11. Nd5 Bg7 12. Bd3 Ne7 13. Nxe7 Qxe7 14. O-O O-O 15. c4 f5 16. cxb5 d5 17. exd5 e4 18. Qe2 Qb4 19. Bc4 Bxb2 20. Rab1 Qxa3 21. Qxb2 axb5 22. Bxb5 Qxa2 23. Qf6 Ba6 24. Ra1 Bxb5 25. Qg5+ Kh8 26. Qf6+ Kg8 27. Rxa2 Rxa2 28. Qg5+ Kh8 29. Qf6+ Kg8 30. Rc1 Bd7 31. Qg5+ Kh8 32. Qf6+ Kg8 33. Qg5+ Kh8 34. Qe7 Rc8 35. Rxc8+ Bxc8 36. Qf8# 1-0


[Site "https://www.chess.com"]

[Event "Titled Tuesday Blitz November 15 Early 2022"]
[White "Krzyzanowski, Marcin"]
[Black "Bortnyk, Olexandr"]
[WhiteFideId "1132199"]
[BlackFideId "14120828"]
[WhiteElo "2435"]
[BlackElo "2723"]
[Result "1/2-1/2"]
[Round "03"]
[TimeControl "180+1"]
[Date "2022.11.15"]
[WhiteClock "0:00:05"]
[BlackClock "0:00:08"]

1. e4 Nf6 2. e5 Nd5 3. d4 d6 4. exd6 exd6 5. c4 Nb6 6. Nc3 Be7 7. Be3 O-O 8. Be2 Nc6 9. Nf3 Bg4 10. b3 Bf6 11. O-O Re8 12. Qd2 h6 13. Rfe1 d5 14. c5 Nc8 15. h3 Bh5 16. Nh2 Bxe2 17. Nxe2 N8e7 18. Ng4 Nf5 19. b4 h5 20. Nxf6+ Qxf6 21. b5 Nxe3 22. fxe3 Ne7 23. Nf4 g6 24. Rf1 Qg5 25. Rf3 c6 26. a4 Nf5 27. Qf2 h4 28. Re1 Re4 29. Nd3 f6 30. bxc6 bxc6 31. Rf4 Rb8 32. Rxe4 dxe4 33. Nf4 Qg3 34. Qxg3 hxg3 35. Nxg6 Rb4 36. Nf4 Nxe3 37. Nh5 Nc2 38. Rf1 e3 39. Nxg3 Nxd4 40. Rxf6 e2 41. Kf2 Rb1 42. Nxe2 Rb2 43. Kf1 Rxe2 44. Rxc6 Rc2 45. Rc8+ Kf7 46. Rc7+ Kf6 47. Rxa7 Ke5 48. Re7+ Kf4 49. Kg1 Nf5 50. Rf7 Ke4 51. Kh2 Rxc5 52. Rb7 Rc2 53. Rb4+ Nd4 54. h4 Ke3 55. h5 Rc5 56. g4 Rc2+ 57. Kg3 Rc1 58. Rb8 Rg1+ 59. Kh3 Kf2 60. Rb2+ Kf3 61. h6 Rg3+ 62. Kh4 Rxg4+ 63. Kh5 Kf4 64. Rf2+ Nf3 65. Rxf3+ Kxf3 66. h7 Kg3 67. Kh6 Rxa4 68. h8=Q Rh4+ 69. Kg7 Rxh8 70. Kxh8 1/2-1/2


[Site "https://www.chess.com"]

[Event "Titled Tuesday Blitz November 15 Early 2022"]
[White "Kuznetsov, Mikhail"]
[Black "Mladenovic, Stefan"]
[WhiteFideId "4117190"]
[BlackFideId "942227"]
[WhiteElo "1981"]
[BlackElo "2337"]
[Result "0-1"]
[Round "03"]
[TimeControl "180+1"]
[Date "2022.11.16"]
[WhiteClock "0:00:01"]
[BlackClock "0:02:18"]

1. Nf3 Nf6 2. g3 e6 3. Bg2 d5 4. O-O Be7 5. c4 O-O 6. d4 dxc4 7. Qa4 b6 8. Ne5 Qxd4 9. Bxa8 Qxe5 10. Qxc4 Ba6 11. Qc2 Qxe2 12. Qxe2 Bxe2 13. Re1 Bd3 14. Nc3 c5 15. Bf4 c4 16. Rad1 Nbd7 17. Bf3 Nc5 18. Rd2 Rd8 19. Be3 Nd5 20. Nxd5 exd5 21. Bxc5 Bxc5 22. Be2 Bb4 23. Bxd3 Bxd2 24. Rd1 Bg5 25. Bf1 Bf6 26. b3 b5 27. a4 a6 28. axb5 axb5 29. bxc4 bxc4 30. Kg2 Kf8 31. Kf3 Ke7 32. Rb1 Rd7 0-1


[Site "https://www.chess.com"]

[Event "Titled Tuesday Blitz November 15 Early 2022"]
[White "Langner, Ladislav"]
[Black "Boyer, Mahel"]
[WhiteFideId "300403"]
[BlackFideId "45102422"]
[WhiteElo "2346"]
[BlackElo "2454"]
[Result "0-1"]
[Round "03"]
[TimeControl "180+1"]
[Date "2022.11.16"]
[WhiteClock "0:00:02"]
[BlackClock "0:00:28"]

1. e4 Nc6 2. Nc3 d5 3. exd5 Nb4 4. Bc4 Nf6 5. Nf3 Bf5 6. d3 Nbxd5 7. Nxd5 Nxd5 8. Nd4 Bc8 9. Qf3 c6 10. O-O g6 11. Ne2 Bg7 12. Nc3 Be6 13. Ne4 O-O 14. Nc5 Bc8 15. c3 e5 16. Qg3 h6 17. Re1 b6 18. Ne4 Kh7 19. h4 f5 20. h5 gxh5 21. Nd2 h4 22. Qh2 Nf4 23. Nf3 b5 24. Bb3 Nxd3 25. Rd1 e4 26. Nxh4 Qf6 27. Nf3 Nxc1 28. Raxc1 exf3 29. Rd3 Qg5 30. Rcd1 Qxg2+ 31. Qxg2 fxg2 32. Rd8 f4 33. Rxf8 Bxf8 34. Rd8 Bc5 35. Be6 Bxe6 36. Rxa8 Bd5 0-1


[Site "https://www.chess.com"]

[Event "Titled Tuesday Blitz November 15 Early 2022"]
[White "Lauridsen, Jesper Morch"]
[Black "Jain, Naveen"]
[WhiteFideId "1401890"]
[BlackFideId "5003970"]
[WhiteElo "2217"]
[BlackElo "2036"]
[Result "1-0"]
[Round "03"]
[TimeControl "180+1"]
[Date "2022.11.16"]
[WhiteClock "0:00:41"]
[BlackClock "0:00:36"]

1. e4 c5 2. Nf3 d6 3. Bc4 Nc6 4. O-O Nf6 5. Re1 g6 6. c3 Bg7 7. d4 cxd4 8. cxd4 O-O 9. d5 Ne5 10. Nxe5 dxe5 11. Nc3 Ne8 12. Be3 Nd6 13. Bf1 a6 14. Na4 Bd7 15. Nb6 Rb8 16. Nxd7 Qxd7 17. f3 Rbc8 18. Rc1 Rxc1 19. Qxc1 Rc8 20. Qd2 Qa4 21. b3 Qd7 22. Rc1 Rxc1 23. Qxc1 h5 24. a4 h4 25. Bb6 h3 26. Qc7 Qxc7 27. Bxc7 hxg2 28. Kxg2 f5 29. Bxd6 exd6 30. b4 Bh6 31. exf5 gxf5 32. Bd3 Bd2 33. Bxf5 Bxb4 34. Bc8 b5 35. axb5 a5 36. b6 Bc5 37. b7 Ba7 38. Bd7 Kf7 39. Kg3 Ke7 40. Bc6 Kd8 41. h4 Kc7 42. h5 Be3 43. Kg4 a4 44. Bxa4 Kxb7 45. Kf5 Kb6 46. Kg6 Kc5 47. Bb3 Kb4 48. Bc2 Kc4 49. Be4 Kd4 50. h6 Bxh6 51. Kxh6 Ke3 52. Kg5 1-0


[Site "https://www.chess.com"]

[Event "Titled Tuesday Blitz November 15 Early 2022"]
[White "Le, Tuan Minh"]
[Black "Stribuk, Artiom"]
[WhiteFideId "12401153"]
[BlackFideId "13515659"]
[WhiteElo "2530"]
[BlackElo "2371"]
[Result "0-1"]
[Round "03"]
[TimeControl "180+1"]
[Date "2022.11.15"]
[WhiteClock "0:00:01"]
[BlackClock "0:00:19"]

1. d4 Nf6 2. Nf3 g6 3. Bg5 Bg7 4. Nbd2 O-O 5. c3 d5 6. e3 c6 7. Bd3 Bg4 8. Qb3 Bxf3 9. Nxf3 Qb6 10. O-O Nbd7 11. c4 e6 12. Rac1 Qxb3 13. axb3 a6 14. Rfd1 Rfe8 15. h3 h6 16. Bf4 g5 17. Bh2 Ne4 18. b4 f5 19. b3 Bf8 20. b5 axb5 21. cxb5 c5 22. Ne5 Nxe5 23. Bxe5 cxd4 24. exd4 Rec8 25. Bxe4 fxe4 26. b6 Kf7 27. Kh2 Ke8 28. h4 gxh4 29. Kh3 Kd7 30. Kxh4 Rc6 31. Bc7 Ra2 32. Rxc6 Kxc6 33. Rc1+ Kb5 34. Kg3 Rb2 35. f3 Rxb3 36. Kf4 e3 37. Re1 Bb4 38. Re2 Kc4 39. Ra2 Bd2 40. Kg3 e2 0-1


[Site "https://www.chess.com"]

[Event "Titled Tuesday Blitz November 15 Early 2022"]
[White "Lehtosaari, Mauri"]
[Black "Goh, Zi Han"]
[WhiteFideId "501999"]
[BlackFideId "5819156"]
[WhiteElo "2497"]
[BlackElo "2026"]
[Result "1-0"]
[Round "03"]
[TimeControl "180+1"]
[Date "2022.11.16"]
[WhiteClock "0:00:12"]
[BlackClock "0:00:05"]

1. d4 Nf6 2. Nf3 g6 3. Bg5 Bg7 4. e3 O-O 5. Bc4 d5 6. Bb3 c6 7. O-O b5 8. a4 b4 9. c4 bxc3 10. bxc3 Ba6 11. Re1 Ne4 12. Bf4 Nd7 13. Nfd2 Nd6 14. Bxd6 exd6 15. Na3 Qa5 16. Qc2 Rab8 17. Reb1 Qc7 18. h3 h5 19. Nf3 Nf6 20. c4 dxc4 21. Nxc4 Nd5 22. Ncd2 Nb4 23. Qc3 c5 24. Rc1 Qe7 25. Bc4 Bb7 26. Qa3 Ba8 27. dxc5 Bxa1 28. Qxa1 dxc5 29. Qe5 Qxe5 30. Nxe5 Rbe8 31. Nxg6 Rd8 32. Nf3 Rfe8 33. Nf4 Bxf3 34. gxf3 Re5 35. h4 Kg7 36. Kh2 Kf6 37. Bf1 Rd2 38. Kg1 Re8 39. Nxh5+ Ke7 40. Ng3 Rc8 41. Bc4 Nd3 42. Bxd3 Rxd3 43. Ne4 c4 44. Nc3 Rb8 45. Kf1 Rb3 46. Ne4 Rb4 47. Ke2 Ra3 48. Nc5 Ra2+ 49. Kf1 Kd6 50. Ne4+ Ke5 51. Nc3 Ra3 52. f4+ Ke6 53. h5 Rbb3 54. Ne4 Ke7 55. h6 Kf8 56. Nf6 Rb6 57. h7 Kg7 58. Nd5 Rd6 59. e4 Rxa4 60. f3 Kxh7 61. f5 Rc6 62. Ke2 Ra2+ 63. Ke3 Ra3+ 64. Kf4 c3 65. Ke5 c2 66. Kd4 Rb3 67. Ne3 Rb4+ 68. Kd3 Rb3+ 69. Kd2 Rd6+ 70. Ke2 Rdd3 71. Nxc2 Rxf3 72. Ne1 Rfe3+ 73. Kd2 Rh3 74. Rc7 Rb2+ 75. Nc2 Rh2+ 76. Kd3 Ra2 77. Rxf7+ Kg8 78. Rc7 Rh3+ 79. Kd4 a5 80. e5 Ra4+ 81. Kd5 Rh6 82. f6 Ra2 83. Nd4 Rd2 84. Rd7 Rh4 85. f7+ Kf8 86. Ke6 Rdxd4 87. Ra7 Rh6+ 88. Kf5 Rd8 89. e6 Rd5+ 90. Ke4 Rd8 91. e7+ Kxf7 92. exd8=Q+ Kg6 93. Ra6+ Kh5 94. Rxh6+ Kxh6 95. Qxa5 Kg7 96. Qe5+ Kh7 97. Qg3 Kh6 98. Ke5 Kh7 99. Ke6 Kh6 100. Kf7 Kh5 101. Kf6 Kh6 102. Qh3# 1-0


[Site "https://www.chess.com"]

[Event "Titled Tuesday Blitz November 15 Early 2022"]
[White "Levine, David"]
[Black "Balint, Vilmos"]
[WhiteFideId "2011611"]
[BlackFideId "718050"]
[WhiteElo "2146"]
[BlackElo "2183"]
[Result "1-0"]
[Round "03"]
[TimeControl "180+1"]
[Date "2022.11.16"]
[WhiteClock "0:00:44"]
[BlackClock "0:02:04"]

1. d4 f5 2. g3 Nf6 3. Bg2 g6 4. c4 Bg7 5. Nf3 O-O 6. O-O d6 7. Nc3 Nc6 8. d5 Ne5 9. Nxe5 dxe5 10. e4 f4 11. gxf4 exf4 12. Bxf4 Nxe4 13. Nxe4 Rxf4 14. Qd2 Qf8 15. Rae1 Bg4 16. Nc5 Bd4 17. Ne6 Bxe6 18. Rxe6 Qf7 19. Rxe7 Rxf2 20. Rxf2 Bxf2+ 21. Qxf2 Qxe7 22. d6 Qxd6 23. Bd5+ Kh8 24. Qd4+ 1-0


[Site "https://www.chess.com"]

[Event "Titled Tuesday Blitz November 15 Early 2022"]
[White "Levitan, Caleb Levi"]
[Black "Gubajdullin, Alexei"]
[WhiteFideId "14332620"]
[BlackFideId "4141202"]
[WhiteElo "1963"]
[BlackElo "2230"]
[Result "1/2-1/2"]
[Round "03"]
[TimeControl "180+1"]
[Date "2022.11.16"]
[WhiteClock "0:00:05"]
[BlackClock "0:00:16"]

1. e4 c6 2. d4 d5 3. exd5 cxd5 4. Bd3 Nc6 5. c3 Nf6 6. Bf4 g6 7. Nd2 Bg7 8. Ngf3 O-O 9. O-O Bf5 10. Bxf5 gxf5 11. Ne5 Ne4 12. Nxe4 fxe4 13. Qg4 f5 14. Qg3 Nxe5 15. Bxe5 Rf7 16. f3 Kh8 17. fxe4 dxe4 18. Rxf5 Bxe5 19. Qxe5+ Rg7 20. Raf1 Qg8 21. Qxe4 h6 22. Rh5 Rh7 23. Rf3 Qg7 24. Rg3 Qf7 25. Qe5+ Qf6 26. Rg6 Qxe5 27. Rxe5 Rf8 28. Ree6 h5 29. Rh6 Rf7 30. Rxh7+ Kxh7 31. g3 h4 32. gxh4 Kg8 33. Kg2 Rg7+ 34. Kf3 Kf7 35. Re4 Rg1 36. Kf2 Rh1 37. Kg2 Rd1 38. Re2 b5 39. Kf3 b4 40. Rc2 bxc3 41. bxc3 Rd3+ 42. Kg4 a5 43. h5 a4 44. h6 Kg6 45. Re2 Rxc3 46. Re6+ Kh7 47. Rxe7+ Kxh6 48. Ra7 Ra3 49. d5 Rxa2 50. d6 Kg6 51. d7 Rd2 52. h4 a3 53. h5+ Kh6 54. Ra6+ Kh7 55. Ra7 Kh6 56. Rxa3 Rd4+ 57. Kf5 Rxd7 58. Ra6+ Kxh5 59. Ra1 Rf7+ 60. Ke6 Rf2 61. Rh1+ Kg4 62. Rg1+ Kf3 63. Rg6 Ke3 64. Rf6 Rxf6+ 65. Kxf6 1/2-1/2


[Site "https://www.chess.com"]

[Event "Titled Tuesday Blitz November 15 Early 2022"]
[White "Li, Hui"]
[Black "Miszler, Levente"]
[WhiteFideId "15400310"]
[BlackFideId "763276"]
[WhiteElo "1954"]
[BlackElo "2176"]
[Result "1-0"]
[Round "03"]
[TimeControl "180+1"]
[Date "2022.11.16"]
[WhiteClock "0:00:14"]
[BlackClock "0:01:02"]

1. e4 e6 2. d4 d5 3. Nd2 f5 4. exf5 exf5 5. Bd3 Nf6 6. Ndf3 Bd6 7. Ne2 O-O 8. O-O Ne4 9. Bf4 h6 10. Bxd6 Qxd6 11. Ne5 Nd7 12. Nxd7 Bxd7 13. c3 Rae8 14. f3 Ng5 15. Qd2 f4 16. Rae1 Ne6 17. Nc1 g5 18. Bg6 Re7 19. Nd3 Ng7 20. Rxe7 Qxe7 21. Ne5 Bf5 22. Bxf5 Nxf5 23. Ng6 Qe3+ 24. Qxe3 Nxe3 25. Nxf8 Nxf1 26. Ne6 Ne3 27. Nxc7 Nd1 28. Nxd5 Nxb2 29. g3 fxg3 30. hxg3 Kf7 31. Kf2 Ke6 32. Ne3 b5 33. Ke2 h5 34. Ng2 Kf5 35. Ne3+ Ke6 36. Ng2 Na4 37. Kd3 Nb6 38. f4 Kf5 39. Ne3+ Kf6 40. fxg5+ Kxg5 41. Ke4 Kf6 42. Nd5+ Kg5 43. Nxb6 axb6 44. d5 Kf6 45. Kf4 Ke7 46. Ke5 Kd7 47. d6 Kd8 48. Ke6 Ke8 49. d7+ Kd8 50. Kd6 b4 51. cxb4 b5 52. Kc5 Kxd7 53. Kxb5 Kc7 54. Kc5 h4 55. gxh4 1-0


[Site "https://www.chess.com"]

[Event "Titled Tuesday Blitz November 15 Early 2022"]
[White "Lohani, Sujana"]
[Black "Novikova, Galina"]
[WhiteFideId "12311987"]
[BlackFideId "4157095"]
[WhiteElo "1691"]
[BlackElo "1973"]
[Result "0-1"]
[Round "03"]
[TimeControl "180+1"]
[Date "2022.11.16"]
[WhiteClock "0:00:30"]
[BlackClock "0:01:23"]

1. d4 e6 2. Nf3 d5 3. c4 c6 4. g3 Nf6 5. Bg2 Be7 6. O-O O-O 7. Qc2 b6 8. Rd1 Bb7 9. Nbd2 Nbd7 10. e4 dxe4 11. Nxe4 Nxe4 12. Qxe4 Nf6 13. Qc2 Qc8 14. Bf4 c5 15. Be5 cxd4 16. Bxd4 Rd8 17. Rac1 Bc6 18. b3 Qb7 19. Qe2 h6 20. Nh4 Bxg2 21. Nxg2 Rd7 22. Nf4 Rad8 23. Be5 Qc6 24. Nd3 Qe4 25. Qc2 Rxd3 26. Rxd3 Qxd3 27. Bxf6 Qxc2 28. Rxc2 Bxf6 29. Kg2 Be7 30. f4 Bc5 31. Kf3 Kf8 32. Re2 Ke7 33. Kg4 Rd3 34. Kh5 Kf6 35. g4 Rh3# 0-1


[Site "https://www.chess.com"]

[Event "Titled Tuesday Blitz November 15 Early 2022"]
[White "Luxama, Jacques Muller"]
[Black "Kopczynski, Michal"]
[WhiteFideId "11900113"]
[BlackFideId "1124200"]
[WhiteElo "1931"]
[BlackElo "2235"]
[Result "1-0"]
[Round "03"]
[TimeControl "180+1"]
[Date "2022.11.16"]
[WhiteClock "0:00:52"]
[BlackClock "0:00:16"]

1. e4 b6 2. d4 Bb7 3. Nc3 e6 4. a3 Nf6 5. Bd3 d5 6. e5 Nfd7 7. f4 c5 8. Nf3 Nc6 9. Be3 cxd4 10. Nxd4 Bc5 11. Nce2 Nxd4 12. Nxd4 Qe7 13. O-O O-O-O 14. b4 Bxd4 15. Bxd4 f5 16. Qb1 g5 17. a4 gxf4 18. Rxf4 Rhg8 19. Rf2 Qh4 20. c3 Rg4 21. a5 Rdg8 22. axb6 axb6 23. Bf1 f4 24. Ra7 Kb8 25. Qa2 f3 26. Qa4 fxg2 27. Rxb7+ Kxb7 28. Qxd7+ Kb8 29. Qd6+ Kb7 30. Qxb6+ Kc8 31. Qc6+ Kd8 32. Bb6+ Ke7 33. Qc7+ Ke8 34. Bb5# 1-0


[Site "https://www.chess.com"]

[Event "Titled Tuesday Blitz November 15 Early 2022"]
[White "Mahdavi, Reza"]
[Black "Deac, Bogdan-Daniel"]
[WhiteFideId "12595926"]
[BlackFideId "1226380"]
[WhiteElo "2240"]
[BlackElo "2648"]
[Result "0-1"]
[Round "03"]
[TimeControl "180+1"]
[Date "2022.11.15"]
[WhiteClock "0:00:10"]
[BlackClock "0:00:11"]

1. e4 c6 2. d4 d5 3. e5 Bf5 4. Nf3 e6 5. Be2 Ne7 6. O-O Ng6 7. Ne1 h5 8. c3 Nd7 9. a4 c5 10. Na3 cxd4 11. cxd4 Rc8 12. Bd2 a6 13. Nac2 Qb6 14. b4 Be7 15. Bd3 Nh4 16. a5 Qc6 17. b5 axb5 18. Nb4 Qc7 19. Rc1 Qb8 20. Bxb5 Rxc1 21. Qxc1 Qd8 22. Nc6 bxc6 23. Qxc6 f6 24. a6 fxe5 25. dxe5 Ng6 26. Nf3 Bg4 27. Bc3 Nf4 28. Nd4 Kf7 29. Qxd7 Qxd7 30. Bxd7 Bc5 31. Nb3 Ba7 32. Bd2 Ne2+ 33. Kh1 Rb8 34. Na5 Rb2 35. Be3 d4 36. Nc6 Bb6 37. Bg5 Ra2 38. Bc8 d3 39. Be3 Bxe3 40. fxe3+ Kg6 41. Bb7 d2 42. a7 Nc3 43. Ne7+ Kg5 44. a8=Q Rxa8 45. Bxa8 d1=Q 46. Rxd1 Nxd1 47. g3 Nxe3 48. h4+ Kh6 49. Be4 g5 50. Ng8+ Kg7 51. Nf6 gxh4 52. gxh4 Nc4 53. Nd7 Kf7 54. Bd3 Nb2 55. Be4 Ke7 56. Nb6 Nd1 57. Kg1 Ne3 58. Nc8+ Kd7 59. Nb6+ Kc7 60. Na4 Nc4 61. Nc5 Nxe5 62. Kf2 Kd6 63. Nb7+ Ke7 64. Nc5 Kf6 65. Kg3 Nf7 66. Nd7+ Ke7 67. Nc5 e5 68. Bg6 Nd6 69. Nd3 Kf6 70. Bh7 e4 71. Nf2 Nf5+ 72. Bxf5 Kxf5 73. Nh1 e3 74. Kg2 Kf4 75. Ng3 Bf3+ 76. Kh2 e2 77. Nxe2+ Bxe2 78. Kh3 Bg4+ 79. Kh2 Kf3 80. Kg1 Kg3 81. Kh1 Kxh4 82. Kg1 Kg5 83. Kh1 h4 84. Kh2 Bf5 85. Kg1 Kg4 0-1


[Site "https://www.chess.com"]